Map: Flooded City

Players

jff

  • Race: Zerg Zerg
  • League: Gold
  • Spawn Location: 12:00

ILIEKEGGPIE

  • Race: Terran Terran
  • League: Platinum
  • Spawn Location: 12:00

владислав

  • Race: Zerg Zerg
  • League: Gold
  • Spawn Location: 6:00

CRAFT

  • Race: Protoss Protoss
  • Spawn Location: 6:00

VOD

Have the link to the VOD?

Description

Time

  • Played on: April 27, 2018, 11:26 a.m.
  • Length: 14:12
Show
View Real Time Build Order
Export as new Build Order

jff Zerg 

Build Orders: Hatch First 

Get SALT Encoding   

  12  0:01  Drone  
  13  0:18  Drone  
  14  0:44  Hatchery  
  14  0:46  Overlord  
  14  0:49  Drone  
  14  1:09  Drone  
  14  1:10  Drone x2  
  17  1:17  Spawning Pool  
  16  1:23  Drone  
  17  1:56  Drone  
  18  2:05  Spine Crawler  
  18  2:08  Zergling x2  
  18  2:14  Drone  
  18  2:15  Drone x2, Extractor  
  20  2:22  Spine Crawler, Queen  
  21  2:39  Drone x2  
  21  2:42  Extractor  
  22  2:56  Drone x3  
  25  2:58  Queen  
  26  3:26  Zergling x4  
  26  3:31  Zergling x2  
  23  4:05  Drone x3  
  20  4:31  Lair  
  20  4:39  Spine Crawler  
  19  5:00  Drone x3, Roach Warren  
  9  5:39  Zergling x6  
  6  6:19  Infestation Pit  
  6  6:23  Drone x2  
  6  6:24  Drone  
  8  7:02  Roach  
  8  7:03  Roach x2  
  14  7:13  Spire  
  10  7:51  Drone x3  
  13  8:02  Spine Crawler  
  13  8:04  Swarm Host  
  15  8:23  Drone x2  
  17  8:56  Drone x3  
  20  9:40  Drone  
  21  9:52  Hatchery  
  20  10:04  Overlord  
  17  10:24  Drone  
  17  10:25  Drone x2  
  20  10:39  Extractor  
  19  10:44  Drone  
  20  10:50  Drone  
  21  11:01  Drone  
  22  11:06  Drone  
  22  11:07  Queen  
  22  11:09  Queen  
  22  11:10  Drone  
  28  11:27  Overlord x3  
  28  11:38  Spore Crawler  
  27  11:46  Drone  
  28  11:49  Corruptor x2  
  32  11:54  Drone  
  32  11:55  Drone  
  34  12:08  Corruptor  
  32  12:38  Corruptor x2  
  36  12:53  Corruptor  
  38  13:03  Drone x2  
  38  13:04  Drone x3  
  35  13:48  Overlord x2  
Show
View Real Time Build Order
Export as new Build Order

ILIEKEGGPIE Terran 

Build Orders: MMM Bio 

Get SALT Encoding   

  12  0:36  Supply Depot  
  12  0:38  SCV  
  13  0:54  SCV  
  14  1:02  Barracks  
  14  1:06  SCV  
  15  1:17  Barracks  
  15  1:18  SCV  
  16  1:30  SCV  
  16  1:31  Refinery  
  17  1:42  SCV  
  18  2:04  Marine x2  
  18  2:06  Orbital Command  
  20  2:14  Bunker  
  20  2:22  Marine  
  21  2:28  Refinery  
  21  2:38  Marine  
  21  2:40  Marine  
  23  3:01  Supply Depot  
  23  3:10  Marine  
  23  3:23  Marine  
  24  3:27  Marine  
  25  3:41  Marine  
  26  3:48  Factory, Barracks Tech Lab  
  25  4:14  Bunker  
  25  4:55  Barracks Reactor, SCV, Barracks Tech Lab  
  25  4:58  Supply Depot  
  26  5:04  Bunker  
  26  5:07  SCV  
  26  5:13  Orbital Command  
  26  5:34  Siege Tank  
  26  5:54  Marine x2  
  26  5:55  Marine  
  26  5:56  Stimpack  
  28  6:20  Marine  
  28  6:21  Marine x2  
  28  6:24  Siege Tank  
  34  6:32  SCV  
  35  6:38  Marine  
  35  6:39  Marine  
  37  6:44  SCV  
  38  6:47  Starport  
  38  6:50  Supply Depot  
  38  6:56  SCV  
  39  7:12  SCV  
  39  7:14  Supply Depot  
  40  7:24  Marine x2, SCV  
  40  7:25  Marauder  
  45  7:40  Starport Reactor, SCV  
  45  7:41  Siege Tank  
  45  7:42  Marine  
  50  7:46  Marauder  
  50  7:48  Command Center  
  52  7:52  SCV  
  52  7:53  Barracks  
  52  7:57  Combat Shields  
  53  8:10  Marine x2  
  55  8:15  Supply Depot  
  55  8:16  Marauder  
  57  8:28  Marine x2  
  59  8:37  Marauder  
  59  8:39  Supply Depot  
  62  8:41  SCV  
  62  8:45  Barracks Reactor  
  62  8:47  Engineering Bay  
  62  8:51  Engineering Bay  
  62  8:53  SCV  
  62  8:55  Medivac  
  65  9:02  Supply Depot  
  65  9:12  SCV  
  65  9:13  Orbital Command  
  66  9:22  Terran Infantry Weapons Level 1  
  66  9:24  SCV  
  66  9:25  Marine  
  66  9:26  Marine x2  
  70  9:36  SCV  
  70  9:38  Marauder  
  73  9:39  Medivac  
  73  9:40  Medivac  
  69  10:16  Marine x2  
  69  10:17  Marauder, Marine  
  73  10:23  Marine  
  74  10:34  Marine x2  
  76  10:35  Missile Turret  
  76  10:36  Missile Turret  
  76  10:38  Marauder  
  76  10:39  SCV x2  
  76  10:41  Marine  
  81  10:47  Marine  
  82  10:51  SCV x2  
  82  10:52  Marine  
  85  11:07  Marine x3  
  85  11:08  Marauder, Medivac  
  85  11:10  Marine, SCV  
  94  11:21  Armory  
  94  11:29  Marauder  
  96  11:35  Marine x4  
  100  11:40  Refinery  
  100  11:43  Refinery  
  100  11:52  SCV  
  100  11:53  SCV  
  102  11:57  Terran Infantry Armor Level 1  
  95  12:47  Missile Turret  
  95  12:49  Missile Turret  
Show
View Real Time Build Order
Export as new Build Order

владислав Zerg 

Build Orders: Hatch First 

Get SALT Encoding   

  12  0:03  Drone  
  13  0:13  Overlord  
  13  0:18  Drone  
  14  0:32  Drone  
  15  0:41  Drone  
  16  0:54  Drone  
  17  0:57  Hatchery  
  17  0:59  Drone  
  17  1:16  Spawning Pool  
  16  1:19  Drone, Extractor  
  16  1:21  Drone  
  16  1:24  Drone  
  18  2:03  Zergling x2  
  18  2:04  Zergling x4  
  21  2:11  Queen  
  21  2:14  Drone  
  24  2:33  Drone x2  
  26  3:05  Zergling x4  
  28  3:09  Overlord x3  
  28  3:21  Metabolic Boost  
  28  3:29  Zergling x4  
  28  3:33  Zergling x4  
  32  3:37  Lair  
  32  3:41  Roach Warren  
  30  3:43  Zergling x4  
  30  4:00  Drone  
  30  4:28  Evolution Chamber, Drone x2  
  30  4:29  Drone  
  30  4:30  Drone x2  
  30  4:31  Drone  
  34  4:52  Drone  
  35  4:56  Zerg Ground Armor Level 1  
  35  5:00  Extractor  
  34  5:07  Hydralisk Den  
  34  5:09  Roach x3  
  39  5:56  Drone x2  
  39  5:57  Drone  
  41  5:59  Hydralisk x3  
  44  6:21  Roach x2  
  48  6:42  Roach  
  48  6:43  Roach  
  52  6:48  Overlord x2  
  52  6:52  Extractor  
  50  7:33  Hydralisk x3  
  50  7:36  Tunneling Claws  
  54  7:43  Burrow  
  54  7:47  Drone x3  
  56  8:10  Zergling x2  
  56  8:11  Roach x2  
  61  8:21  Drone x3  
  61  8:23  Extractor  
  63  8:46  Roach x2  
  63  8:47  Overlord  
  67  9:06  Overlord  
  67  9:08  Overlord x3  
  67  9:17  Zerg Missile Weapons Level 1  
  67  9:23  Roach x8  
  67  9:26  Hydralisk x2  
  67  9:28  Muscular Augments  
  67  9:31  Roach x2  
  75  9:32  Roach x8  
  75  9:42  Roach x8  
  73  10:19  Hydralisk x2  
  73  10:20  Hydralisk  
  65  10:23  Roach  
  65  10:24  Roach x2  
  65  10:26  Glial Reconstitution  
  71  10:40  Hatchery, Hydralisk  
  72  10:56  Roach  
  74  11:16  Hydralisk x3  
  80  11:27  Hydralisk x4  
  80  11:32  Roach  
  90  11:50  Roach x5  
  90  11:54  Hydralisk x3  
  90  11:57  Roach x2  
  98  12:37  Hydralisk x3  
  98  12:40  Hydralisk x2  
  98  12:41  Hydralisk  
  110  12:56  Drone  
  110  12:57  Drone x2  
  113  13:01  Overlord x2  
  113  13:15  Overlord  
  113  13:17  Overlord  
  113  13:32  Hydralisk x2  
  117  13:49  Drone x2  
  117  13:50  Drone  
  117  13:53  Roach  
Show
View Real Time Build Order
Export as new Build Order

CRAFT Protoss 

Build Orders: Cannon Rush 

Get SALT Encoding   

  12  0:05  Probe  
  13  0:17  Pylon  
  13  0:26  Probe  
  14  0:38  Forge  
  14  0:41  Probe  
  15  0:58  Probe, Pylon  
  16  1:06  Probe  
  17  1:18  Photon Cannon  
  17  1:22  Probe  
  18  1:34  Probe  
  18  1:37  Photon Cannon  
  19  1:44  Photon Cannon  
  19  1:46  Probe  
  20  1:59  Pylon  
  20  2:08  Pylon  
  20  2:21  Photon Cannon  
  20  2:24  Photon Cannon  
  20  2:30  Photon Cannon  
  20  2:40  Pylon  
  20  3:01  Photon Cannon  
  20  3:04  Photon Cannon  
  20  3:13  Photon Cannon  
  20  3:24  Probe  
  21  3:32  Gateway  
  21  3:36  Probe  
  22  3:48  Pylon  
  22  3:49  Probe  
  23  3:59  Photon Cannon  
  23  4:01  Probe  
  24  4:04  Pylon  
  24  4:18  Photon Cannon  
  24  4:22  Nexus  
  24  4:34  Pylon  
  24  4:48  Probe  
  24  4:52  Assimilator  
  25  4:56  Assimilator  
  25  5:00  Probe  
  25  5:03  Photon Cannon  
  26  5:09  Photon Cannon  
  26  5:12  Probe  
  26  5:33  Pylon  
  26  5:36  Cybernetics Core  
  26  5:53  Photon Cannon  
  26  5:57  Pylon  
  26  6:08  Gateway  
  26  6:16  Probe  
  25  6:24  Probe  
  26  6:29  Stargate  
  26  6:32  Stargate  
  27  6:34  Probe  
  27  6:35  Probe  
  27  6:39  Pylon  
  29  6:43  Probe  
  29  6:45  Probe  
  30  6:50  Assimilator  
  30  6:52  Probe  
  30  6:53  Assimilator, Probe  
  33  7:01  Probe  
  33  7:05  Probe  
  33  7:07  Protoss Air Weapons Level 1  
  35  7:12  Probe  
  36  7:17  Probe  
  36  7:20  Void Ray  
  41  7:24  Probe  
  42  7:32  Probe  
  42  7:37  Probe  
  44  7:38  Void Ray  
  44  7:44  Probe  
  44  7:49  Probe  
  50  7:53  Void Ray  
  50  7:56  Probe  
  51  8:01  Probe  
  56  8:06  Nexus  
  56  8:08  Probe  
  56  8:11  Probe  
  57  8:17  Void Ray  
  57  8:19  Probe  
  58  8:20  Probe  
  64  8:27  Probe  
  64  8:33  Fleet Beacon  
  65  8:36  Stargate  
  65  8:39  Probe  
  66  8:47  Assimilator  
  66  8:51  Assimilator, Probe  
  66  8:54  Pylon  
  67  8:59  Pylon  
  67  9:11  Carrier  
  67  9:14  Pylon  
  67  9:17  Pylon  
  67  9:23  Anion Pulse-Crystals  
  67  9:28  Pylon  
  73  9:34  Probe  
  74  9:40  Carrier  
  74  9:41  Carrier  
  74  9:42  Probe  
  74  9:44  Pylon  
  74  9:52  Probe  
  87  9:56  Protoss Air Armor Level 1  
  88  10:04  Probe  
  89  10:09  Probe  
  90  10:16  Probe  
  90  10:17  Probe  
  91  10:27  Graviton Catapult, Probe  
  93  10:39  Stargate, Probe  
  94  10:43  Stargate  
  94  10:51  Probe  
  94  10:54  Nexus  
  95  10:58  Carrier  
  77  11:06  Carrier  
  83  12:06  Probe  
  84  12:18  Probe  
  85  12:30  Probe  
  86  12:42  Probe  
  87  12:55  Probe  
Tags
 
Add a new tag
Caveats
  • Supply blocks, unpowered buildings, or Contaminate may cause inaccurate times.
  • Supply counts are checked every 10 seconds.